 Dungeon Crawl Stone Soup version 0.20-a0-303-g575bbf7 (webtiles) character file.

43327 HarryHood the Basher (level 14, -9/94 HPs)
             Began as a Gargoyle Berserker on Dec 15, 2016.
             Was a High Priest of Trog.
             Killed from afar by a fire dragon (13 damage)
             ... with a blast of flame
             ... on level 5 of the Lair of Beasts on Dec 16, 2016.
             The game lasted 01:25:43 (17519 turns).

HarryHood the Basher (Gargoyle Berserker)          Turns: 17519, Time: 01:25:43

Health: -9/94      AC: 36    Str: 22    XL:     14   Next: 23%
Magic:  14/14      EV:  8    Int:  9    God:    Trog [*****.]
Gold:   1211       SH: 17    Dex: 14    Spells: 13/13 levels left

rFire  + . .     SeeInvis .     a - +3 mace (crush)
rCold  . . .     Gourm    .     I - +0 plate armour
rNeg   + . .     Faith    .     D - +0 large shield
rPois  ∞         Spirit   .     y - +2 helmet
rElec  +         Reflect  .     m - +2 cloak {MR+}
rCorr  .         Harm     .     K - +0 pair of gloves
MR     ++...                    Q - +1 pair of boots {run}
Stlth  ..........               H - amulet of magic regeneration
                                t - ring of protection from fire
                                o - +1 ring of evasion

@: quick
A: big wings, agile 1, negative energy resistance 1, electricity resistance,
unbreathing, petrification resistance, rot immunity, AC +9
a: Fly, Berserk, Trog's Hand, Brothers in Arms, Burn Spellbooks, Renounce
Religion


You were on level 5 of the Lair of Beasts.
You worshipped Trog.
Trog was extremely pleased with you.
You were hungry.

You visited 3 branches of the dungeon, and saw 17 of its levels.
You also visited: Volcano.

You collected 1211 gold pieces.

Inventory:

Hand Weapons
 a - a +3 mace of crushing (weapon)
Armour
 m - a +2 cloak of magic resistance (worn)
 y - a +2 helmet (worn)
 D - a +0 large shield (worn)
 I - a +0 plate armour (worn)
 K - a +0 pair of gloves (worn)
 Q - a +1 pair of boots of running (worn)
Jewellery
 g - an uncursed ring of protection from cold
 o - a +1 ring of evasion (left hand)
 p - an uncursed ring of protection from magic
 t - a ring of protection from fire (right hand)
 H - an amulet of magic regeneration (around neck)
 M - a +2 ring of intelligence
Wands
 f - a wand of iceblast (7/15)
 Y - a wand of digging (11/24)
Scrolls
 u - 5 scrolls of teleportation
 v - 7 scrolls of recharging
 x - a scroll of fog
 E - 2 scrolls of magic mapping
 J - 4 scrolls of remove curse
 N - a scroll of brand weapon
 O - 2 scrolls of enchant weapon
 P - 2 scrolls of fear
 U - 7 scrolls of identify
Potions
 d - 6 potions of invisibility
 e - 4 potions of brilliance
 i - 4 potions of haste
 k - 2 potions of might
 l - a potion of flight
 n - 4 potions of agility
 q - 7 potions of curing
 r - 2 potions of heal wounds
 z - 2 potions of cancellation
 C - 3 potions of lignification
 F - 2 potions of resistance
 G - a potion of magic
 L - a potion of ambrosia
 S - 3 potions of berserk rage
Comestibles
 b - 8 meat rations
 c - 10 bread rations
 h - 5 slices of pizza
 j - 8 chunks of flesh
 s - 3 beef jerkies
 w - 8 fruits
 A - a royal jelly


   Skills:
 * Level 13.4 Fighting
 - Level 14.0 Maces & Flails
 - Level 12.0 Armour
 + Level 7.2 Dodging
 - Level 9.0 Shields


You had 13 spell levels left.
You didn't know any spells.

Dungeon Overview and Level Annotations

Branches:
Dungeon (11/15)            Temple (1/1) D:6            Lair (5/6) D:8
 Shoals (0/4) Lair:4       Spider (0/4) Lair:2          Orc (0/2) D:10
  Slime: Lair:5-6

Altars:
Kikubaaqudgha
Makhleb
Nemelex Xobeh
Ru
Sif Muna
Trog
Zin
The Shining One

Shops:
D:5 }

Annotations:
Lair:3 exclusion: oklob plant


Innate Abilities, Weirdness & Mutations

You are resistant to torment.
Your stone body is resilient. (AC +9)
You are immune to poison.
Your large and strong wings let you fly indefinitely.
You resist negative energy. (rN+)
You are resistant to electric shocks. (rElec)
You can survive without breathing.
You are immune to petrification.
You are immune to rotting.
You are agile. (Dex +2)


Message History

You block the fire dragon's attack. The fire dragon barely misses you.
Things that are here:
4 chunks of flesh; a steam dragon skeleton The fire dragon breathes flames at you.
The blast of flame hits you! You resist.
* * * LOW HITPOINT WARNING * * *
The fire dragon breathes flames at you. The blast of flame hits you!
You resist.
* * * LOW HITPOINT WARNING * * *
The rime drake breathes ice at you. The flash freeze hits you!
You are encased in ice.
Your two-headed ogre goes berserk!
You are feeling hungry.
You swap places.
The ice encasing you melts away. The fire dragon breathes flames at you.
The blast of flame hits your two-headed ogre.
The blast of flame hits you! You resist.
You die...

##%####P..
#..# .#
###..# #
#....##
###Dk.#
#...#....#
##O##..#..
##.# .#
#.@# .#
#.P.#
.?.....
.P#.#.....
#########


You could see a fire dragon, a rime drake and a friendly two-headed ogre
(berserk).

Vanquished Creatures
  4 hydras
  Erica (D:8)
  2 two-headed ogres (D:11)
  5 death yaks (Lair:3)
  An ugly thing (Volcano)
  A cyclops (D:11)
  An orc sorcerer (Volcano)
  Maurice (D:8)
  3 black mambas
  The ghost of aTarkinC the Magician, a novice DEFE of Vehumet (D:7)
  2 elephants (Lair:5)
  2 molten gargoyles (Volcano)
  A torpor snail (Lair:2)
  Joseph (D:8)
  9 spiny frogs
  4 komodo dragons
  10 rime drakes
  A kobold demonologist (D:11)
  A red devil (Volcano)
  4 trolls
  A merfolk (D:11)
  4 blink frogs (Lair:2)
  3 hippogriffs (Lair:1)
  Grinder (D:6)
  4 redbacks (Lair:2)
  39 yaks
  A water elemental (D:11)
  6 fire bats (Volcano)
  5 basilisks
  A wraith (D:11)
  A human (D:10)
  6 steam dragons
  Menkaure (D:7)
  A hungry ghost (D:7)
  11 porcupines
  12 water moccasins
  Duvessa (D:6)
  2 phantoms (D:5)
  7 orc warriors
  2 black bears
  An eye of draining (D:11)
  2 ice beasts
  3 sky beasts
  5 wolves (Lair:4)
  5 ogres
  5 centaurs
  11 crocodiles
  A big kobold (D:10)
  14 bullfrogs
  Dowan (D:6)
  A wyvern skeleton (D:6)
  5 scorpions
  5 wights (D:7)
  An electric eel (D:11)
  7 howler monkeys
  A bullfrog zombie (D:5)
  2 crimson imps
  A centaur zombie (D:5)
  5 lava snakes (Volcano)
  3 quasits
  2 centaur skeletons
  4 jellies
  11 orc wizards
  8 orc priests
  6 hounds
  2 bullfrog skeletons
  Ijyb (D:2)
  An iguana (D:5)
  5 worker ants
  A hound zombie (D:5)
  A hound skeleton (D:6)
  4 worker ant zombies
  12 adders
  7 gnolls
  An ooze (D:1)
  An adder skeleton (D:6)
  An adder zombie (D:5)
  2 worms
  3 dart slugs
  3 leopard geckos
  36 orcs
  2 ball pythons
  4 giant cockroaches
  10 goblins
  10 hobgoblins
  12 kobolds
  9 quokkas
  A ball python skeleton (D:4)
  5 bats
  6 frilled lizards
  A jackal skeleton (D:5)
  A leopard gecko zombie (D:5)
  A quokka zombie (D:5)
  2 rats
419 creatures vanquished.

Vanquished Creatures (collateral kills)
  A sun demon (Volcano)
  An ugly thing (Volcano)
  4 elephants (Lair:5)
  5 rime drakes (Lair:5)
  A red devil (Volcano)
  A steam dragon (Lair:5)
13 creatures vanquished.

Vanquished Creatures (others)
  5 fungi
  2 plants (Lair:3)
7 creatures vanquished.

Grand Total: 439 creatures vanquished

Notes
Turn   | Place    | Note
-------+----------+-------------------------------------------
     0 | D:1      | HarryHood the Gargoyle Berserker began the quest for the Orb.
     0 | D:1      | Reached XP level 1. HP: 14/14 MP: 1/1
   249 | D:1      | Reached XP level 2. HP: 13/19 MP: 2/2
   513 | D:1      | Reached skill level 4 in Maces & Flails
   550 | D:1      | Reached XP level 3. HP: 20/23 MP: 3/3
  1231 | D:2      | Noticed Ijyb
  1245 | D:2      | Killed Ijyb
  1245 | D:2      | Reached XP level 4. HP: 28/28 MP: 4/4
  1391 | D:2      | Reached skill level 5 in Maces & Flails
  1528 | D:2      | Reached XP level 5. HP: 22/32 MP: 5/5
  1731 | D:2      | Reached ** piety under Trog
  2047 | D:3      | Noticed an ogre
  2061 | D:3      | Killed an ogre
  2061 | D:3      | Reached skill level 6 in Maces & Flails
  2061 | D:3      | Reached XP level 6. HP: 37/37 MP: 6/6
  3628 | D:5      | Entered Level 5 of the Dungeon
  3644 | D:5      | Reached skill level 5 in Fighting
  3698 | D:5      | Reached XP level 7. HP: 44/44 MP: 7/7
  3751 | D:5      | Reached *** piety under Trog
  3831 | D:5      | Found a sacrificial altar of Ru.
  4153 | D:5      | Found a deep blue altar of Sif Muna.
  4464 | D:5      | Found Quastro's Gadget Boutique.
  4493 | D:5      | Reached skill level 5 in Armour
  4512 | D:5      | Reached XP level 8. HP: 41/51 MP: 8/8
  5078 | D:6      | Noticed Grinder
  5114 | D:6      | Killed Grinder
  5114 | D:6      | Reached skill level 7 in Maces & Flails
  5163 | D:6      | Found a staircase to the Ecumenical Temple.
  5171 | Temple   | Entered the Ecumenical Temple
  5185 | Temple   | Upgraded the game from 0.20-a0-296-gf222164 to 0.20-a0-299-gec7c366
  5465 | D:6      | Noticed Dowan
  5466 | D:6      | Noticed Duvessa
  5480 | D:6      | Reached skill level 8 in Maces & Flails
  5485 | D:6      | Killed Duvessa
  5505 | D:6      | Killed Dowan
  5762 | D:6      | Reached skill level 9 in Maces & Flails
  5779 | D:6      | Reached XP level 9. HP: 56/56 MP: 9/9
  5925 | D:7      | Reached **** piety under Trog
  6062 | D:7      | Noticed aTarkinC's ghost (novice DEFE)
  6096 | D:7      | Killed aTarkinC's ghost
  6304 | D:7      | Noticed Menkaure
  6312 | D:7      | Killed Menkaure
  6906 | D:8      | Reached XP level 10. HP: 56/66 MP: 10/10
  6956 | D:8      | Found a staircase to the Lair.
  7309 | D:8      | Noticed Joseph
  7330 | D:8      | Killed Joseph
  7734 | D:8      | Noticed Erica
  7751 | D:8      | Killed Erica
  7751 | D:8      | Reached skill level 10 in Maces & Flails
  7938 | D:8      | Noticed Maurice
  7961 | D:8      | Killed Maurice
  8269 | D:9      | Reached skill level 11 in Maces & Flails
  8545 | D:9      | Reached XP level 11. HP: 70/71 MP: 11/11
  8556 | D:9      | Reached ***** piety under Trog
  9026 | D:9      | Gained mutation: You are agile. (Dex +2) [potion of beneficial mutation]
  9033 | D:10     | Entered Level 10 of the Dungeon
  9444 | D:10     | Reached skill level 5 in Dodging
  9568 | D:10     | Reached skill level 12 in Maces & Flails
  9571 | D:10     | Found a staircase to the Orcish Mines.
  9713 | D:10     | Upgraded the game from 0.20-a0-299-gec7c366 to 0.20-a0-303-g575bbf7
 10163 | D:11     | Noticed a five-headed hydra
 10186 | D:11     | Killed a five-headed hydra
 10332 | D:11     | Noticed a cyclops
 10349 | D:11     | Killed a cyclops
 10594 | D:11     | Reached skill level 10 in Fighting
 10597 | D:11     | Received a gift from Trog
 10614 | D:11     | Noticed a two-headed ogre
 10629 | D:11     | Killed a two-headed ogre
 11119 | D:11     | Reached skill level 1 in Shields
 11265 | D:11     | Noticed a two-headed ogre
 11282 | D:11     | Killed a two-headed ogre
 11282 | D:11     | Reached XP level 12. HP: 58/80 MP: 12/12
 11564 | Lair:1   | Entered Level 1 of the Lair of Beasts
 11731 | Lair:1   | Noticed a four-headed hydra
 11749 | Lair:1   | Killed a four-headed hydra
 12183 | Lair:1   | Noticed a seven-headed hydra
 12194 | Lair:1   | Killed a seven-headed hydra
 12194 | Lair:1   | Reached skill level 10 in Armour
 12468 | Lair:1   | Reached skill level 5 in Shields
 12993 | Lair:2   | Found a dark tunnel.
 13014 | Volcano  | Entered a volcano
 13191 | Volcano  | Found a radiant altar of Vehumet.
 13191 | Volcano  | Noticed a sun demon
 13211 | Volcano  | Killed a sun demon
 13241 | Volcano  | Reached XP level 13. HP: 76/86 MP: 13/13
 13488 | Volcano  | Identified a +0 pair of boots of running (You found it in a volcano)
 13684 | Lair:2   | Found a hole to the Spider Nest.
 13814 | Lair:2   | Received a gift from Trog
 13868 | Lair:2   | Reached ****** piety under Trog
 14644 | Lair:3   | Reached skill level 13 in Maces & Flails
 16171 | Lair:4   | Reached skill level 14 in Maces & Flails
 16455 | Lair:4   | Found a staircase to the Shoals.
 16715 | Lair:5   | Gained mutation: Your large and strong wings let you fly indefinitely. [Gargoyle growth]
 16715 | Lair:5   | Reached XP level 14. HP: 37/92 MP: 14/14
 16843 | Lair:5   | Received a gift from Trog
 16954 | Lair:5   | Found a labyrinth entrance.
 17507 | Lair:5   | HP: 2/94 [fire dragon/blast of flame (23)]
 17515 | Lair:5   | HP: 3/94 [fire dragon/blast of flame (9)]
 17519 | Lair:5   | Killed from afar by a fire dragon

Vault maps used:
D:1:      dpeg_arrival_rooms_c
D:2:      uniq_iyjb
D:5:      basic_altar, first_bread, serial_shops, kennysheep_mini,
          serial_undead, serial_undead_a, serial_undead_b, serial_undead_d,
          serial_undead_e, nicolae_ru_sacrificial_ziggurat
D:6:      uniq_grinder, uniq_duvessa
D:7:      uniq_menkaure
D:8:      grunt_lair_entry_orc_guard_hut, uniq_erica, uniq_maurice, uniq_joseph
D:10:     erik_orc_4, serial_corexii_hall, corexii_hall_statues_l,
          corexii_hall_statues_s
D:11:     hangedman_fish_farm, kennysheep_generic_room_2
Temple:   nicolae_temple_the_god_donut
Lair:1:   beast_lair_carwin_2, grunt_megastairs_3
Lair:2:   nicolae_spider_entry_tight_spaces, nicolae_volcano_entry_lava_flow,
          grunt_megastairs_4
Lair:3:   minmay_lair_oklob_chamber
Lair:4:   shoals_dummy_entry, minivault_26, infiniplex_staircase_pool_2
Lair:5:   lab_entry_generic, bobbens_dragon_lair_wall, serial_bayou_shore_b
Volcano:  volcano_grotto

Skill      XL: |  1  2  3  4  5  6  7  8  9 10 11 12 13 14 |
---------------+-------------------------------------------+-----
Maces & Flails | 4 5 6 9 11 12 14 | 14.0
Fighting       | 5 6 9 11 12 13 | 13.4
Armour         | 5 6 8 9 11 12 | 12.0
Dodging        | 4 6 7 |  7.2
Shields        | 2 6 9 |  9.0

Action                   |  1- 3 |  4- 6 |  7- 9 | 10-12 | 13-15 || total
-------------------------+-------+-------+-------+-------+-------++-------
Melee: Mace              |    76 |   163 |   502 |   998 |   772 ||  2511
       Whip              |       |    71 |    99 |       |       ||   170
Invok: Burn Spellbooks   |       |     1 |       |     2 |     1 ||     4
       Berserk           |       |       |       |     3 |     2 ||     5
       Brothers in Arms  |       |       |       |     1 |     3 ||     4
  Use: Scroll            |     2 |    13 |     9 |    10 |     4 ||    38
       Potion            |       |       |       |     2 |     3 ||     5
 Stab: Distracted        |       |       |       |     1 |       ||     1
  Eat: Chunk             |     1 |     5 |     5 |    19 |     3 ||    33
       Meat ration       |       |     1 |     1 |       |       ||     2
       Bread ration      |       |       |     1 |     1 |     3 ||     5
Armor: Chain mail        |    31 |   161 |   370 |     7 |       ||   569
       Animal skin       |     2 |       |       |       |       ||     2
       Plate armour      |       |       |       |   634 |   410 ||  1044
Dodge: Dodged            |    30 |   126 |   203 |   142 |   137 ||   638
Block: Buckler           |       |       |    31 |       |       ||    31
       Large shield      |       |       |       |   650 |   606 ||  1256
